 Dungeon Crawl Stone Soup version 0.29.1-13-g9f3cf754e1 (webtiles) character file.

Game seed: 10415510523223078973

546 Nukus the Slasher (level 7, -1/59 HPs)
             Began as a Purple Draconian Fighter on Feb 6, 2023.
             Was a Priest of Lugonu.
             Slain by a wraith (9 damage)
             ... in an ossuary.
             The game lasted 00:09:11 (1859 turns).

Nukus the Slasher (Purple Draconian Fighter)        Turns: 1859, Time: 00:09:13

Health: -1/59      AC:  6    Str: 19    XL:     7   Next: 6%
Magic:  10/10      EV: 12    Int: 10    God:    Lugonu [***...]
Gold:   152        SH:  5    Dex: 10    Spells: 10/10 levels left

rFire   + . .      SeeInvis .   w - +0 great sword
rCold   x . .      Faith    .   (shield currently unavailable)
rNeg    . . .      Spirit   .   (body armour unavailable)
rPois   .          Reflect  +   (helmet restricted)
rElec   .          Harm     .   (no cloak)
rCorr   .          Rampage  .   (no gloves)
Will    +....                   (no boots)
Stlth   ++........              e - amulet of reflection
HPRegen 0.19/turn               l - ring of fire
MPRegen 0.12/turn               (no ring)

@: short of breath, slowed, very slow
A: breathe power, AC +6, unfitting armour, cold-blooded
a: Breathe Dispelling Energy, Renounce Religion, Depart the Abyss, Bend Space,
Banish


You were in an ossuary.
You worshipped Lugonu.
Lugonu was most pleased with you.
You visited 1 branch of the dungeon, and saw 4 of its levels.
You also visited: Ossuary.

You collected 152 gold pieces.

Inventory:

Hand Weapons
 a - a +1 long sword
 n - a +3 scimitar of freezing
 w - a +0 great sword (weapon)
Missiles
 d - 3 boomerangs
 g - 4 poisoned darts (quivered)
 i - 2 javelins
Armour
 b - a +0 buckler
Jewellery
 e - an amulet of reflection (around neck)
 f - an amulet of the acrobat
 h - an amulet of magic regeneration
 l - a ring of fire (left hand)
Wands
 j - a wand of quicksilver (2)
 s - a wand of polymorph (8)
 v - a wand of paralysis (4)
Scrolls
 o - a scroll of silence
 u - a scroll of teleportation
 x - a scroll of vulnerability
Potions
 c - 2 potions of might
 k - 2 potions of mutation {unknown}
 m - a potion of degeneration {unknown}
 p - 2 potions of brilliance {unknown}
 q - 2 potions of curing {unknown}
 r - a potion of heal wounds
 t - a potion of lignification {unknown}


   Skills:
 * Level 4.3 Fighting
 * Level 4.5 Long Blades
 * Level 1.6 Throwing
 * Level 3.4 Dodging
 * Level 1.5 Stealth
 * Level 3.6 Shields
 * Level 2.1 Spellcasting
 * Level 2.1 Invocations
 * Level 1.7 Evocations


You had 10 spell levels left.
You didn't know any spells.
Your spell library contained the following spells:

 Spells                   Type           Power      Damage    Failure   Level
 Blade Hands              Tmut           0%         N/A       100%        5
 Summon Forest            Summ/Tloc      0%         N/A       100%        5
 Summon Mana Viper        Hex/Summ       1%         N/A       100%        5
 Iron Shot                Conj/Erth      0%         9d1       100%        6
 Summon Cactus Giant      Summ           0%         N/A       100%        6
 Animate Armour           Summ/Erth      Unusable   N/A       N/A         4

Dungeon Overview and Level Annotations

Branches:
Dungeon (4/15)            Ossuary (1/1)
 Temple: D:4-7

Altars:
Lugonu


Innate Abilities, Weirdness & Mutations

You can breathe bolts of dispelling energy.
Your rich purple scales are hard. (AC +6)
You cannot fit into any form of body armour.
You are cold-blooded and may be slowed by cold attacks.


Message History

The bolt of dispelling energy hits the wraith!
The wraith is moderately damaged.
Unknown command.
You barely miss the wraith.
The wraith is moderately damaged.
The wraith barely misses you.
You hit the wraith but do no damage.
The wraith is moderately damaged.
You block the wraith's attack. The wraith closely misses you.
You hit the wraith but do no damage.
The wraith is moderately damaged.
The wraith hits you! The wraith drains your vigour!
You feel yourself slow down.
You closely miss the wraith.
The wraith is moderately damaged.
You block the wraith's attack. The wraith misses you.
The wraith hits you but does no damage.
You barely miss the wraith.
You tail-slap the wraith, but do no damage.
The wraith is moderately damaged.
The wraith barely misses you. The wraith hits you!
The wraith drains your vigour!
You feel as though you will be slow longer.
Aiming: Quicksilver Bolt
Press: ? - help, Shift-Dir - straight line, f/p - wraith
Aim: a wraith (moderately damaged, 71% to hit)
The bolt of dispelling energy hits the wraith!
The wraith is almost destroyed.
The wraith barely misses you.
You barely miss the wraith.
The wraith is almost destroyed.
The wraith closely misses you. The wraith barely misses you.
You barely miss the wraith.
The wraith is almost destroyed.
The wraith hits you! The wraith drains your vigour!
You feel as though you will be slow longer.
The wraith hits you!
* * * LOW HITPOINT WARNING * * *
The wraith hits you!
You die...

#...............# #
#.###.......###.###
#.#z#.......# #.'..
#.###.......###.###
#...............# #
#.###..###..###.# #
#.#.#..#z#..#.#.#
#.W##..###..##'.#
#.@.............#
#################


You could see a wraith.

Vanquished Creatures
  A wraith (Ossuary)
  An ogre (D:4)
  3 wights (Ossuary)
  A hound (D:4)
  An orc priest (D:4)
  A jelly (D:3)
  An adder zombie (Ossuary)
  2 worms
  A dart slug (D:2)
  4 orcs (D:4)
  5 ball pythons
  3 bats
  3 giant cockroaches
  9 goblins
  3 hobgoblins
  3 kobolds
  4 quokkas
  A ball python skeleton (Ossuary)
  A hobgoblin skeleton (Ossuary)
  2 hobgoblin zombies (Ossuary)
  A kobold zombie (Ossuary)
  An orc skeleton (Ossuary)
  2 rats (D:1)
54 creatures vanquished.

Notes
Turn   | Place    | Note
-------+----------+-------------------------------------------
     0 | D:1      | Nukus the Draconian Fighter began the quest for the Orb.
     0 | D:1      | Reached XP level 1. HP: 19/19 MP: 1/1
   132 | D:1      | Reached XP level 2. HP: 26/26 MP: 2/2
   317 | D:2      | Found a faded altar of an unknown god.
   365 | D:2      | Prayed at the altar of an unknown god.
   365 | D:2      | Became a worshipper of Lugonu the Unformed
   365 | D:2      | Reached * piety under Lugonu
   365 | D:2      | Reached ** piety under Lugonu
   844 | D:1      | Reached XP level 3. HP: 23/33 MP: 3/3
  1094 | D:3      | Reached XP level 4. HP: 20/40 MP: 4/4
  1330 | D:4      | Reached skill level 1 in Invocations
  1381 | D:4      | Reached XP level 5. HP: 22/46 MP: 6/6
  1464 | D:4      | Noticed an ogre
  1473 | D:4      | Killed an ogre
  1474 | D:4      | Reached skill level 1 in Throwing
  1474 | D:4      | Reached skill level 1 in Stealth
  1474 | D:4      | Reached skill level 1 in Spellcasting
  1474 | D:4      | Reached skill level 1 in Evocations
  1572 | D:4      | Found a sand-covered staircase.
  1599 | Ossuary  | Entered an ossuary
  1664 | Ossuary  | Reached XP level 6. HP: 39/52 MP: 7/7
  1682 | Ossuary  | Reached *** piety under Lugonu
  1742 | Ossuary  | Noticed a flying skull
  1742 | Ossuary  | Noticed a wraith
  1757 | Ossuary  | Noticed a flying skull
  1758 | Ossuary  | Noticed a flying skull
  1830 | Ossuary  | Noticed a wraith
  1835 | Ossuary  | Killed a wraith
  1836 | Ossuary  | Your scales start taking on a rich purple colour.
  1836 | Ossuary  | Reached XP level 7. HP: 40/59 MP: 10/10
  1837 | Ossuary  | Noticed a flying skull
  1850 | Ossuary  | Noticed a wraith
  1859 | Ossuary  | Slain by a wraith

Illustrated notes

Levels and vault maps discovered:
D:1:      minmay_arrival_cross, layout_loops_ring, minmay_pentomino_w2
D:2:      layout_rooms, hellmonk_ecumenical_altar_leap_of_faith
D:3:      layout_basic, chequers_serial_rivers_micro_e,
          nicolae_elevator_lobby_asterisk
D:4:      layout_loops_corners, nicolae_ossuary_entry_ruins,
          kennysheep_small_circle
Ossuary:  ossuary_due_cavern

Skill      XL: |  1  2  3  4  5  6 |
---------------+-------------------+-----
Dodging        | 3 |  3.4
Long Blades    | 3 4 |  4.5
Invocations    | 1 2 |  2.1
Fighting       | 4 |  4.3
Throwing       | 1 |  1.6
Stealth        | 1 |  1.5
Spellcasting   | 1 2 |  2.1
Evocations     | 1 |  1.7
Shields        | |  3.6

Action                   |  1- 3 |  4- 6 |  7- 9 || total
-------------------------+-------+-------+-------++-------
Melee: Long sword        |    69 |    58 |       ||   127
       Tailslap          |    11 |     6 |     1 ||    18
       Great sword       |       |     3 |     7 ||    10
Throw: Dart              |    12 |     9 |       ||    21
 Abil: Breathe Dispellin |       |       |     1 ||     1
Evoke: Wand              |     1 |     7 |     1 ||     9
  Use: Scroll            |     6 |     1 |       ||     7
       Potion            |       |     1 |       ||     1
 Stab: Sleeping          |       |     3 |       ||     3
Armor: Skin              |    18 |    17 |     1 ||    36
Dodge: Dodged            |    34 |    25 |     7 ||    66
Block: Buckler           |    25 |    27 |       ||    52
       Other             |       |       |     2 ||     2
